 Dungeon Crawl Stone Soup version 0.27.0 (webtiles) character file.

Game seed: 14998470135684903166

30 Raultor the Skirmisher (level 3, 29/29 HPs)
             Began as a Demonspawn Gladiator on July 30, 2021.
             Quit the game on level 1 of the Dungeon.
             The game lasted 00:01:14 (753 turns).

Raultor the Skirmisher (Demonspawn Gladiator)        Turns: 753, Time: 00:01:14

Health: 29/29      AC:  6    Str: 15    XL:     3   Next: 5%
Magic:  3/3        EV: 12    Int:  9    God:
Gold:   21         SH:  4    Dex: 14    Spells: 2/2 levels left

rFire    + . .     SeeInvis .   a - +0 long sword
rCold    . . .     Faith    .   (no shield)
rNeg     . . .     Spirit   .   g - +2 leather armour {rF+}
rPois    .         Reflect  .   f - +0 helmet
rElec    .         Harm     .   (no cloak)
rCorr    .         Rampage  .   (no gloves)
Will     .....                  (no boots)
Stlth    +.........             (no amulet)
HPRegen  0.09/turn              (no ring)
MPRegen  0.08/turn              (no ring)

@: no status effects
A: condensation shield, demonic magic 1
a: no special abilities


You were on level 1 of the Dungeon.
You visited 1 branch of the dungeon, and saw 1 of its levels.

You collected 21 gold pieces.


Innate Abilities, Weirdness & Mutations

A meltable shield of frost defends you. (SH +4)
Spells you cast may paralyse adjacent enemies.


   Skills:
 + Level 3.5 Fighting
 - Level 2.6 Long Blades
 - Level 1.7 Throwing
 - Level 2.6 Dodging


You had 2 spell levels left.
You didn't know any spells.
Your spell library contained the following spells:

 Spells                   Type           Power      Damage    Failure   Level
 Ensorcelled Hibernation  Hex/Ice        0%         N/A       58%         2
 Call Canine Familiar     Summ           0%         N/A       83%         3
 Portal Projectile        Hex/Tloc       0%         N/A       83%         3
 Spider Form              Tmut/Pois      0%         N/A       83%         3
 Leda's Liquefaction      Hex/Erth       0%         N/A       99%         4
 Shadow Creatures         Summ           N/A        N/A       100%        6

Inventory:

Hand Weapons
 a - a +0 long sword (weapon)
Missiles
 d - 3 throwing nets (quivered) {=f}
Armour
 f - a +0 helmet (worn)
 g - a +2 leather armour of fire resistance (worn)
Scrolls
 c - a scroll of blinking {unknown}
Potions
 b - a potion of brilliance {unknown}
 e - 2 potions of magic {unknown}
 h - a potion of berserk rage {unknown}

Dungeon Overview and Level Annotations

Branches:
Dungeon (1/15)

Altars:

#.# .##.# #.##
..#.# #..# .#.#
##.# ...## #.#
#...# #.##
#.#.# #..##
#.#.##
##†.####(#..###
##.........@[#
#.....†...#.#
#(........#.#
#...........#
##########..#
..# #... ...


There were no monsters in sight!


Message History

No target in view!
No target in view!
No target in view!
No target in view!
No target in view!
You see here a ball python corpse.
Found 26 bolts.
A dart slug comes into view.
A dart slug is nearby!
Found a leather armour.
You slash the dart slug!
The dart slug is almost dead.
The dart slug bites you but does no damage.
You slash the dart slug!
You kill the dart slug!
You have reached level 3!
Your experience leads to an increase in your attributes!
Increase (S)trength, (I)ntelligence, or (D)exterity?
You feel stronger.
Your demonic ancestry asserts itself...
A menacing aura infuses your magic.
You see here 26 bolts.
An endoplasm comes into view.
The endoplasm quivers.
You barely miss the endoplasm. You block the endoplasm's attack.
You slash the endoplasm!
You kill the endoplasm!
No target in view!
Are you sure you want to abandon this character and quit the game? (Confirm with "yes".)
Okay, then.
Are you sure you want to abandon this character and quit the game? (Confirm with "yes".)

Skill      XL: |  1  2 |
---------------+-------+-----
Fighting       | 3 |  3.5
Long Blades    | |  2.6
Throwing       | |  1.7
Dodging        | |  2.6

Action                   || total
-------------------------++-------
Melee: Long sword        ||    65
Armor: Leather armour    ||    22
Dodge: Dodged            ||    49
Block: Other             ||     9
       Rpst.: Long sword ||    14

Levels and vault maps discovered:
D:1:      onia_arrival_zoo_common, layout_rooms, basic_ecumenical_altar,
          kennysheep_flooded_box

Notes
Turn   | Place    | Note
-------+----------+-------------------------------------------
     0 | D:1      | Raultor the Demonspawn Gladiator began the quest for the
                  | Orb.
     0 | D:1      | Reached XP level 1. HP: 16/16 MP: 1/1
     7 | D:1      | Noticed an anaconda
     7 | D:1      | Noticed a swamp worm
     8 | D:1      | Noticed a scorpion
     8 | D:1      | Noticed a polar bear
   234 | D:1      | Gained mutation: A meltable shield of frost defends you.
                  | (SH +4) [demonic ancestry]
   234 | D:1      | Reached XP level 2. HP: 23/23 MP: 2/2
   437 | D:1      | Found a faded altar of an unknown god.
   446 | D:1      | Reached skill level 3 in Fighting
   745 | D:1      | Gained mutation: Spells you cast may paralyse adjacent
                  | enemies. [demonic ancestry]
   745 | D:1      | Reached XP level 3. HP: 29/29 MP: 3/3
   753 | D:1      | Quit the game

Vanquished Creatures
  A dart slug (D:1)
  2 endoplasms (D:1)
  3 giant cockroaches (D:1)
  6 goblins (D:1)
  A hobgoblin (D:1)
  2 quokkas (D:1)
  3 ball pythons (D:1)
  A bat (D:1)
  3 kobolds (D:1)
  2 rats (D:1)
24 creatures vanquished.

Table legend: (Time is in decaauts)
 A = Elapsed time spent in this place.
 B = Non-inter-level travel time spent in this place.
 C = Inter-level travel time spent in this place.
 D = Time resting spent in this place.
 E = Time spent auto-exploring this place.
 F = Levels seen in this place.
 G = Mean time per level.
                   A        B        C        D        E       F      G
               +--------+--------+--------+--------+--------+-----+--------+
         Total |    770 |    770 |      0 |      0 |    603 |   1 |  770.0 |
       Dungeon |    770 |    770 |      0 |      0 |    603 |   1 |  770.0 |
               +--------+--------+--------+--------+--------+-----+--------+

Top non-repeatable levels by time:
     D:1: 770 daAuts

Table legend:
 A = Non-vault XP
 B = Vault XP
 C = Vault XP percentage of total XP
 D = Non-vault monster count
 E = Vault monster count
 F = Vault count percentage of total count
                 A         B        C        D         E       F
            +---------+---------+-------+---------+---------+-------
      Total |      44 |       0 |   0.0 |      24 |       0 |   0.0
            +---------+---------+-------+---------+---------+-------
        D:1 |      44 |       0 |   0.0 |      24 |       0 |   0.0
            +---------+---------+-------+---------+---------+-------
